Map: Overgrowth LE (Void)

Players

Leenock - Winner!

  • Race: Zerg Zerg
  • Spawn Location: 1:00

Zest

  • Race: Protoss Protoss
  • Spawn Location: 7:00

Event: IEM Season 11 - Gyeonggi

VOD

Have the link to the VOD?

Description

Time

  • Played on: Dec. 13, 2016, 8:07 p.m.
  • Length: 6:47

All games in this series

Show
View Real Time Build Order
Export as new Build Order

Leenock Zerg - Winner!

Build Orders: Hatch First, Zergling Baneling 

Get SALT Encoding   

  12  0:00  Drone  
  13  0:12  Overlord  
  13  0:17  Drone  
  14  0:31  Drone x2  
  14  0:35  Drone  
  17  0:52  Hatchery  
  17  0:53  Drone  
  17  0:57  Drone  
  18  1:07  Extractor  
  17  1:12  Spawning Pool  
  17  1:15  Drone  
  17  1:20  Drone  
  18  1:29  Drone  
  19  1:38  Drone  
  20  1:49  Hatchery  
  20  1:53  Drone  
  20  2:04  Queen  
  22  2:08  Metabolic Boost  
  22  2:12  Drone  
  22  2:15  Drone  
  24  2:21  Overlord  
  24  2:25  Zergling x2  
  24  2:27  Zergling x2  
  26  2:30  Drone  
  26  2:34  Drone  
  28  2:37  Evolution Chamber  
  27  2:46  Zergling x4  
  27  2:50  Drone  
  30  2:58  Drone x2  
  30  3:02  Drone  
  30  3:05  Drone  
  34  3:07  Zerg Melee Weapons Level 1  
  35  3:12  Zergling x2  
  35  3:13  Zergling x6  
  35  3:14  Zergling x2  
  35  3:17  Zergling x2  
  40  3:22  Zergling x2  
  40  3:23  Zergling x2  
  42  3:31  Overlord  
  42  3:42  Baneling Nest  
  42  3:47  Zergling x2  
  42  3:53  Zergling x10  
  42  3:54  Zergling x2  
  42  3:55  Zergling x4  
  50  4:00  Overlord  
  50  4:02  Overlord  
  50  4:09  Overlord  
  50  4:21  Zergling x10  
  55  4:24  Zergling x2  
  55  4:26  Baneling x3  
  55  4:27  Baneling x4  
  55  4:29  Baneling, Zergling x2  
  55  4:30  Zergling x2  
  55  4:33  Zergling x2  
  55  4:34  Zergling x4  
  55  4:36  Zergling x2  
  58  4:38  Zergling x2  
  58  4:45  Zergling x2  
  60  4:47  Zergling x2  
  60  4:48  Baneling x2  
  60  4:49  Zergling x2  
  60  4:51  Overlord  
  62  4:57  Baneling  
  62  5:11  Zergling x2  
  62  5:12  Zergling x6  
  66  5:14  Overlord  
  66  5:21  Baneling x2  
  66  5:28  Zergling x8  
  65  5:32  Zergling x2  
  65  5:33  Zergling x8  
  69  5:36  Zergling x2  
  69  5:41  Zergling x2  
  69  5:42  Zergling x2  
  65  5:53  Zergling x4  
  65  5:54  Zergling x2  
  67  5:58  Drone  
  67  6:00  Drone  
  67  6:01  Drone  
  69  6:06  Drone, Queen  
  69  6:07  Queen  
  69  6:09  Baneling  
  69  6:10  Baneling x5  
  73  6:13  Overlord  
  71  6:19  Drone x2  
  73  6:26  Drone  
Show
View Real Time Build Order
Export as new Build Order

Zest Protoss 

Build Orders: 1 Gate Expand 

Get SALT Encoding   

  12  0:01  Probe (Chrono Boost)  
  13  0:11  Probe (Chrono Boost)  
  14  0:18  Pylon  
  14  0:22  Probe (Chrono Boost)  
  15  0:36  Probe (Chrono Boost)  
  15  0:40  Gateway  
  16  0:46  Probe (Chrono Boost)  
  16  0:48  Assimilator  
  18  0:57  Probe (Chrono Boost)  
  18  1:07  Probe (Chrono Boost)  
  19  1:20  Nexus  
  19  1:24  Probe (Chrono Boost)  
  20  1:33  Cybernetics Core  
  20  1:36  Probe (Chrono Boost)  
  21  1:41  Assimilator  
  21  1:46  Probe (Chrono Boost)  
  22  1:50  Pylon  
  22  1:57  Probe (Chrono Boost)  
  23  2:08  Probe (Chrono Boost)  
  24  2:09  Adept (Chrono Boost)  
  24  2:10  Warp Gate  
  26  2:20  Probe  
  27  2:26  Twilight Council  
  27  2:32  Probe x2 (Chrono Boost)  
  27  2:33  Adept  
  31  2:43  Probe x2 (Chrono Boost)  
  33  2:54  Probe (Chrono Boost), Mothership Core (Chrono Boost)  
  36  3:03  Probe (Chrono Boost)  
  36  3:04  Resonating Glaives (Chrono Boost)  
  38  3:12  Probe  
  38  3:13  Probe  
  38  3:17  Gateway x2  
  38  3:19  Adept  
  41  3:23  Probe  
  41  3:24  Probe  
  43  3:34  Probe  
  43  3:37  Pylon  
  43  3:38  Robotics Facility  
  43  3:39  Probe  
  45  3:44  Probe  
  46  3:51  Pylon  
  46  4:01  Probe  
  47  4:04  Probe  
  48  4:12  Stalker, Pylon  
  48  4:13  Probe  
  48  4:15  Stalker x2  
  55  4:17  Probe  
  56  4:24  Warp Prism (Chrono Boost)  
  56  4:25  Probe (Chrono Boost)  
  57  4:38  Nexus  
  57  4:40  Pylon  
  57  4:41  Stalker  
  57  4:43  Sentry x2  
  63  4:54  Assimilator  
  63  4:55  Assimilator  
  63  5:01  Immortal  
  63  5:03  Gateway  
  63  5:04  Gateway  
  67  5:11  Gateway  
  67  5:12  Gateway  
  67  5:18  Probe (Chrono Boost)  
  68  5:27  Zealot x3  
  56  5:49  Sentry x3  
  40  6:08  Pylon  
  40  6:15  Pylon x2  
  40  6:20  Pylon  
  40  6:26  Pylon  
  38  6:34  Sentry x2  
  38  6:36  Adept  

Tags
 
Add a new tag
Caveats
  • Supply blocks, unpowered buildings, or Contaminate may cause inaccurate times.
  • Supply counts are checked every 10 seconds.